[Event "EYCC Girls U14 2018"]
[Site "Riga"]
[Date "2018.08.27"]
[Round "7"]
[White "Dylag, Emilia"]
[Black "Yakimova, Mariya"]
[Result "1/2-1/2"]
[ECO "B20"]
[WhiteElo "2095"]
[BlackElo "1875"]
[Annotator "NA"]
[PlyCount "89"]
[EventDate "2018.08.20"]
[EventType "swiss"]
[EventCountry "LAT"]
[SourceTitle "playchess.com"]
[Source "ChessBase"]
[SourceQuality "1"]
[TimeControl "40/5400+30:1800+30"]

1. e4 c5 2. Ne2 Nc6 3. g3 g6 4. Bg2 Bg7 5. c3 e5 6. O-O Nge7 7. d3 {[%emt 0:03:07] B20: Sicilian: Unusual White 2nd moves} d5 8. exd5 (8. a4 O-O 9. Na3 Be6 10. Qc2 Qd7 11. Rd1 Bh3 12. Be3 Bxg2 13. Kxg2 b6 14. d4 cxd4 15. cxd4 dxe4 16. dxe5 {0-1 (71) Caruana,F (2816)-So,W (2778) Leuven 2018}) 8... Nxd5 9. Nd2 O-O 10. Ne4 b6 11. Qc2 $146 ({Predecessor:} 11. f4 Bg4 12. h3 Bxe2 13. Qxe2 exf4 14. gxf4 Nce7 {½-½ (39) Kholmov,R (2450)-Shmuter,L (2460) Volgograd 1994}) 11... Be6 12. h3 h6 13. f4 Rc8 14. Nf2 Re8 15. Bd2 Qd7 16. Rae1 h5 17. a3 h4 18. g4 exf4 19. Nxf4 Nxf4 20. Bxf4 Bd5 21. Bxd5 Qxd5 22. Ne4 Ne5 23. Bxe5 Rxe5 24. Qf2 Rf8 25. Qxh4 Qxd3 26. Ng5 Rxg5 27. Qxg5 Qg3+ 28. Kh1 Qxh3+ 29. Kg1 Qg3+ 30. Kh1 Qh3+ 31. Kg1 Bh6 32. Qe5 Qxg4+ 33. Kh2 Rd8 34. Re2 Bg7 35. Qe4 Qh5+ 36. Kg3 Rd5 37. Rh1 $19 (37. Qe8+ $11 Kh7 38. Rxf7 Qg5+ 39. Kf2 Rf5+ 40. Rxf5 Qxf5+ 41. Kg1) 37... Qg5+ 38. Kh3 c4 39. Re3 Bh6 40. Rf3 Re5 41. Qxc4 Qh5+ 42. Kg2 Qg5+ 43. Kh3 Qh5+ 44. Kg2 Qg5+ 45. Kh3 1/2-1/2

[Event "EYCC Girls U14 2018"]
[Site "Riga"]
[Date "2018.08.27"]
[Round "7"]
[White "Loskutova, Viktoriya"]
[Black "Lomaia, Diana"]
[Result "1-0"]
[ECO "B54"]
[WhiteElo "2088"]
[BlackElo "1851"]
[Annotator "NA"]
[PlyCount "107"]
[EventDate "2018.08.20"]
[EventType "swiss"]
[EventCountry "LAT"]
[SourceTitle "playchess.com"]
[Source "ChessBase"]
[SourceQuality "1"]
[TimeControl "40/5400+30:1800+30"]

1. e4 c5 2. Nf3 d6 3. d4 cxd4 4. Nxd4 Nf6 5. f3 e5 {[%emt 0:01:01] LiveBook: 1098 Games} 6. Nb3 d5 7. Bg5 {[%emt 0:00:34] B55: Sicilian: 2...d6 3 d4 cxd4 4 Nxd4 Nf6 5 f3} d4 (7... Be6 8. Bxf6 gxf6 9. exd5 Qxd5 10. Qxd5 Bxd5 11. Nc3 Be6 12. Nb5 Kd8 13. O-O-O+ Kc8 14. Nc3 Nd7 15. Nd5 h5 16. Bb5 Bxd5 17. Bxd7+ Kxd7 18. Rxd5+ Ke6 19. Rhd1 h4 20. Kb1 Rg8 21. c4 Rxg2 22. Nd4+ Ke7 23. f4 Rxh2 24. Nf5+ Ke6 25. Nd4+ Ke7 26. Nf5+ Ke6 {½-½ (26) Nabaty,T (2690)-Sjugirov,S (2652) Batumi 2018}) 8. c3 dxc3 9. Qxd8+ Kxd8 10. Nxc3 Bb4 $146 ({Predecessor:} 10... Be6 11. O-O-O+ Nbd7 12. Bxf6+ gxf6 13. Nd5 Rc8+ 14. Kb1 Bxd5 15. Rxd5 {1-0 (41) Shvayger,Y (2160)-Rudakova,Z (2026) Evpatoria 2009}) 11. O-O-O+ Bd7 12. Bxf6+ gxf6 13. Nd5 Be7 14. Na5 b6 15. Nb7+ Kc8 16. Nxe7+ Kxb7 17. Bc4 Re8 18. Bd5+ Nc6 19. Nxc6 Bxc6 20. Bxf7 Re7 21. Bd5 Rc8 22. Bxc6+ Rxc6+ 23. Kd2 Rg7 24. g3 Rd7+ 25. Ke3 Kc7 26. Rc1 Rdd6 27. Rhd1 Rxd1 28. Rxd1 Rc2 29. Rd2 Rc1 30. f4 exf4+ 31. gxf4 Rg1 32. Kf2 Rc1 33. Kf3 h5 34. e5 fxe5 35. fxe5 Re1 36. Kf4 Kc6 37. Kf5 Rf1+ 38. Ke6 h4 39. Rc2+ Kb7 40. Kd7 Rd1+ 41. Ke7 h3 42. e6 Rg1 43. Rc3 Rg2 44. Rxh3 Rxb2 45. a3 b5 46. Kd8 Rd2+ 47. Ke8 Rc2 48. e7 Kc7 49. Rf3 $18 Rxh2 50. Kf8 Re2 51. e8=Q Rxe8+ 52. Kxe8 Kc6 53. Rf5 a5 54. Ke7 {[%emt 0:00:06] Kd5} 1-0

[Event "EYCC Girls U14 2018"]
[Site "Riga"]
[Date "2018.08.27"]
[Round "7"]
[White "Krasteva, Beloslava"]
[Black "Mihailova, Alina"]
[Result "1-0"]
[ECO "E44"]
[WhiteElo "2086"]
[BlackElo "1829"]
[Annotator "NA"]
[PlyCount "65"]
[EventDate "2018.08.20"]
[EventType "swiss"]
[EventCountry "LAT"]
[SourceTitle "playchess.com"]
[Source "ChessBase"]
[SourceQuality "1"]
[TimeControl "40/5400+30:1800+30"]

1. d4 Nf6 2. c4 e6 3. Nc3 Bb4 4. e3 b6 5. Nge2 Bb7 6. a3 Bxc3+ 7. Nxc3 O-O 8. Bd3 c5 9. d5 exd5 10. cxd5 d6 11. O-O Nbd7 12. e4 h6 13. f4 a6 14. Qf3 b5 15. b4 Rc8 16. Bd2 Nb6 17. Rac1 cxb4 ({Günstiger ist} 17... Re8 $14) 18. axb4 Nc4 $16 19. Be1 Re8 20. Rc2 Nd7 21. g4 Qf6 22. h4 Na3 23. g5 hxg5 24. hxg5 Qd4+ 25. Bf2 Qxb4 26. Na2 Qa5 27. Re2 Nc4 28. Qh3 Ndb6 29. Bd4 Ne5 30. fxe5 dxe5 31. Rh2 Kf8 32. g6 f6 33. Qh8+ 1-0

[Event "EYCC Girls U14 2018"]
[Site "Riga"]
[Date "2018.08.27"]
[Round "7"]
[White "Wikar, Martyna"]
[Black "Stepanyan, Eva"]
[Result "1/2-1/2"]
[ECO "A05"]
[WhiteElo "1974"]
[BlackElo "2101"]
[Annotator "NA"]
[PlyCount "118"]
[EventDate "2018.08.20"]
[EventType "swiss"]
[EventCountry "LAT"]
[SourceTitle "playchess.com"]
[Source "ChessBase"]
[SourceQuality "1"]
[TimeControl "40/5400+30:1800+30"]

1. Nf3 Nf6 2. g3 d5 3. Bg2 Bf5 4. O-O e6 5. d3 h6 6. c4 c6 7. Nc3 Be7 8. cxd5 exd5 9. Nd4 {[%emt 0:05:44] A11: English Opening: 1...c6} Bg6 10. e4 dxe4 11. dxe4 O-O 12. Be3 $146 ({Predecessor:} 12. Re1 Bb4 13. a3 Bxc3 14. bxc3 c5 15. Nf5 Nc6 16. Bf4 Re8 {1-0 (29) Nikolic,P (2606)-Andrejic,V (2268) Kragujevac 2015}) 12... Nbd7 13. f4 Bh5 14. Bf3 Bxf3 15. Qxf3 Bc5 16. e5 (16. Rad1 $142) 16... Nh7 17. Rad1 Qc7 18. Ne4 Bxd4 19. Bxd4 Rfd8 20. Qg4 Ndf8 21. f5 Rxd4 22. Rxd4 Qxe5 23. Rfd1 Re8 24. Qf4 Qa5 25. a3 Qb6 26. Qf2 Re5 27. h4 Qa5 28. Nd6 Qa6 29. Qf1 b5 30. Qf2 Nf6 31. Re1 N8d7 32. Rxe5 Nxe5 33. Qe2 Nfd7 34. Rd1 Qa4 35. Ne4 Qb3 36. Nc3 f6 37. Rd4 Qf7 38. a4 a6 39. Ne4 Qb3 40. Kg2 c5 41. Rd6 Qxa4 42. Nc3 Qa1 43. Nd5 Kh7 44. Nc7 Qb1 {[%emt 0:05:17] [#]} 45. Rxa6 $11 ({White should play} 45. g4 $1 $16) 45... Qxf5 46. Nxb5 Nd3 47. Nd6 Qg6 48. Qe4 Nxb2 49. Ra7 Qxe4+ 50. Nxe4 f5 51. Nd6 Nf8 52. Nxf5 Ne6 53. Re7 Kg6 54. Rxe6+ Kxf5 55. Re2 Nd3 56. Kf3 Ne5+ 57. Ke3 g5 58. Rc2 c4 59. hxg5 hxg5 {[%emt 0:00:05] Ke4+} 1/2-1/2

[Event "EYCC Girls U14 2018"]
[Site "Riga"]
[Date "2018.08.27"]
[Round "7"]
[White "Bondareva, Daria"]
[Black "Guillo Longares, Cecilia"]
[Result "1-0"]
[ECO "B31"]
[WhiteElo "1922"]
[BlackElo "2030"]
[Annotator "NA"]
[PlyCount "85"]
[EventDate "2018.08.20"]
[EventType "swiss"]
[EventCountry "LAT"]
[SourceTitle "playchess.com"]
[Source "ChessBase"]
[SourceQuality "1"]
[TimeControl "40/5400+30:1800+30"]

1. e4 c5 2. Nf3 Nc6 3. Bb5 g6 4. O-O Bg7 5. Bxc6 dxc6 6. d3 Nf6 7. h3 Nd7 {B31: Sicilian: 2...Nc6 3 Bb5 g6} 8. Nc3 e5 9. Be3 b6 10. Qd2 h6 11. Nh2 g5 12. Ne2 Nf8 13. Ng3 Ng6 14. Nh5 (14. a3 O-O 15. b4 cxb4 16. axb4 {½-½ (44) Caruana,F (2787)-Nakamura,H (2793) Saint Louis 2015 CBM 169 Extra [Ramirez Alvarez,Alejandro]}) 14... O-O 15. Nxg7 Kxg7 16. Qe2 $146 ({Predecessor:} 16. c3 f5 17. exf5 Bxf5 {½-½ (32) Rasik,V (2450)-Plat,V (2472) Czechia 2013}) 16... Be6 17. Qh5 f6 18. g3 Bf7 19. Qe2 Qd7 20. Kg2 Be6 21. Qh5 Qf7 22. Qe2 Rg8 23. Rg1 $17 Kh7 24. Kh1 f5 25. Qh5 f4 26. Bd2 Qf6 27. Ng4 Bxg4 28. Qxg4 Raf8 29. Qh5 Rf7 30. Rg2 Rgf8 31. Rag1 Rg8 32. gxf4 gxf4 33. Bc3 Rgg7 34. Rg5 Re7 35. f3 Qe6 36. R5g2 b5 37. b3 Qg8 38. Qf5 Qe6 39. Rg4 Qd6 40. h4 Ref7 41. Rxg6 Rxf5 42. Rxg7+ Kh8 43. Rg8+ 1-0

[Event "EYCC Girls U14 2018"]
[Site "Riga"]
[Date "2018.08.27"]
[Round "7"]
[White "Mkrtchyan, Mariam"]
[Black "Eizaguerri Floris, Maria"]
[Result "0-1"]
[ECO "D10"]
[WhiteElo "1881"]
[BlackElo "2065"]
[Annotator "NA"]
[PlyCount "100"]
[EventDate "2018.08.20"]
[EventType "swiss"]
[EventCountry "LAT"]
[SourceTitle "playchess.com"]
[Source "ChessBase"]
[SourceQuality "1"]
[TimeControl "40/5400+30:1800+30"]

1. d4 d5 2. c4 c6 3. cxd5 cxd5 4. Bg5 {[%emt 0:00:00] D10: Slav Defence: 3 cxd5 (without early Nf3) and 3 Nc3} (4. Bf4 Nf6 5. Nc3 Nc6 6. Nf3 a6 7. Rc1 Bf5 8. e3 Rc8 9. Be2 e6 10. O-O Nd7 11. Na4 Be7 12. h3 O-O 13. a3 Na5 14. Nc5 Nc4 15. b4 Nxc5 16. dxc5 Nxa3 {1-0 (44) So,W (2778)-Carlsen,M (2843) Stavanger 2018}) 4... h6 5. Bh4 Qb6 6. Nc3 e6 7. Qd2 Nc6 8. e3 a6 9. Nf3 $146 ({Predecessor:} 9. Rc1 Nf6 10. Bxf6 gxf6 11. Bd3 Rg8 {1-0 (40) Chueu,C (1617)-Oberholzer,I (1562) Pretoria 2018}) 9... Bd6 10. Bd3 Nge7 11. Bg3 Qd8 12. O-O O-O 13. Na4 Bxg3 14. hxg3 Qd6 15. a3 Rd8 16. Qc3 f6 17. Rfd1 b5 18. Nc5 e5 19. dxe5 fxe5 20. b4 Qf6 21. e4 d4 22. Qb3+ Kh8 23. Nh2 g5 24. Be2 Rf8 25. Rf1 Qg6 26. Qd1 Ng8 27. Bh5 Qd6 28. Bg4 Bxg4 29. Nxg4 Qe7 30. Nh2 Nf6 31. f4 gxf4 32. gxf4 Rg8 33. Ra2 a5 34. fxe5 Qxe5 35. Rf5 Qe7 36. Qf3 Nh7 37. e5 Rac8 38. Rf7 Qxe5 39. Re2 Qg5 40. Qd3 Qg6 41. Qxg6 Rxg6 42. Nd3 axb4 $11 43. axb4 Rf8 44. Rb7 Rg3 45. Ne5 d3 46. Re4 d2 47. Rd7 Nf6 48. Nxc6 Nxd7 49. Rd4 Rc3 50. Rxd2 Rc1+ 0-1

[Event "EYCC Girls U14 2018"]
[Site "Riga"]
[Date "2018.08.27"]
[Round "7"]
[White "Kuhar, Larisa"]
[Black "Allahverdiyeva, Ayan"]
[Result "0-1"]
[ECO "B83"]
[WhiteElo "1877"]
[BlackElo "2046"]
[Annotator "NA"]
[PlyCount "84"]
[EventDate "2018.08.20"]
[EventType "swiss"]
[EventCountry "LAT"]
[SourceTitle "playchess.com"]
[Source "ChessBase"]
[SourceQuality "1"]
[TimeControl "40/5400+30:1800+30"]

1. e4 c5 2. Nf3 e6 3. d4 cxd4 4. Nxd4 Nf6 5. Nc3 d6 6. Be2 Be7 7. O-O O-O 8. Be3 Nc6 9. f4 e5 10. fxe5 dxe5 11. Nf5 Bxf5 12. Rxf5 Qxd1+ 13. Rxd1 g6 14. Rff1 Nd4 {[%emt 0:01:04] B83: Sicilian Scheveningen: 6 Be2, lines without ...a6} 15. Bxd4 exd4 16. Nd5 $146 ({Predecessor:} 16. Nb5 Nxe4 17. Nxd4 Bg5 18. Rf3 Rae8 19. Bd3 Nd2 20. Rh3 Rd8 21. c3 Rfe8 22. Kf2 {0-1 (47) Rajkovic,L-Vogt,L (2485) Opatija 1984}) 16... Nxd5 17. exd5 Rac8 18. c4 Bg5 19. g3 Be3+ 20. Kg2 f5 21. Bd3 Kg7 22. Rde1 Rfe8 23. Re2 Kf6 24. g4 Re5 25. h4 $11 b6 26. b4 Ke7 27. Rc2 fxg4 28. Kg3 g5 29. Kxg4 gxh4 30. Kxh4 Bg5+ 31. Kg4 Rg8 32. Re2 Be3+ 33. Kh4 Rgg5 34. Ree1 Rh5+ 35. Kg4 Reg5+ 36. Kf3 Rh3+ 37. Ke2 Rg2+ 38. Kd1 Rd2+ 39. Kc1 Rxd3+ 40. Kb1 Rh2 41. Rf5 Rdd2 42. Re5+ Kd7 0-1

[Event "EYCC Girls U14 2018"]
[Site "Riga"]
[Date "2018.08.27"]
[Round "7"]
[White "Efendieva, Alina"]
[Black "Mironenko, Galina"]
[Result "0-1"]
[ECO "C16"]
[WhiteElo "1843"]
[BlackElo "1998"]
[Annotator "NA"]
[PlyCount "92"]
[EventDate "2018.08.20"]
[EventType "swiss"]
[EventCountry "LAT"]
[SourceTitle "playchess.com"]
[Source "ChessBase"]
[SourceQuality "1"]
[TimeControl "40/5400+30:1800+30"]

1. e4 e6 2. d4 d5 3. Nc3 Bb4 4. e5 Ne7 5. Qg4 c5 6. a3 Qa5 7. Bd2 {[%emt 0:05:35] C17: French: 3 Nc3 Bb4 4 e5 c5 sidelines} cxd4 8. Qxd4 (8. axb4 Qxa1+ 9. Nd1 O-O 10. Nf3 f5 11. exf6 Rxf6 12. Bg5 e5 13. Qh5 g6 14. Qh4 Rxf3 15. Bxe7 {0-1 (31) Grischuk,A (2704)-Shipov,S (2588) chessassistantclub.com INT 2004}) 8... Nbc6 9. Qg4 d4 10. Ne4 Bxd2+ 11. Nxd2 Qxe5+ 12. Be2 O-O 13. O-O-O f5 14. Qf3 $146 ({Predecessor:} 14. Qh3 Qf6 {0-1 (27) Paulina,D (2060)-Kaidanov,G (2575) Arlington 2010}) 14... b5 15. Nb3 Rb8 16. Kb1 b4 17. a4 Qd6 18. Bc4 Kh8 19. Qe2 Ng6 20. Nf3 e5 21. Ng5 Nf4 22. Qf3 Be6 23. Nxe6 Nxe6 24. Rhe1 Rbd8 25. Qg3 Nf4 26. Bb5 Rc8 27. Qf3 Ng6 28. g3 Nd8 29. Qd3 Ne6 30. f3 Nc7 31. h4 Nxb5 32. Qxb5 a6 33. Qe2 Qc6 34. a5 Rfe8 35. Rd2 Nf8 36. Qd3 Qg6 37. Rde2 Qxg3 38. Qxa6 Qxf3 39. Ka2 Ra8 40. Qb5 Rab8 41. Qc5 $19 (41. Qd3 $17 Qf4 42. Kb1) 41... Ng6 42. Nxd4 Qa8 43. Nxf5 Rec8 44. Qd6 Qxa5+ 45. Kb3 Ra8 46. Qd7 Qa2+ 0-1

[Event "EYCC Girls U14 2018"]
[Site "Riga"]
[Date "2018.08.28"]
[Round "8"]
[White "Dylag, Emilia"]
[Black "Loskutova, Viktoriya"]
[Result "1-0"]
[ECO "A05"]
[WhiteElo "2095"]
[BlackElo "2088"]
[Annotator "NA RC"]
[PlyCount "143"]
[EventDate "2018.08.20"]
[EventType "swiss"]
[EventCountry "LAT"]
[SourceTitle "playchess.com"]
[Source "ChessBase"]
[SourceQuality "1"]
[TimeControl "40/5400+30:1800+30"]

1. Nf3 Nf6 2. g3 d5 3. Bg2 c6 4. O-O Bf5 5. d3 h6 6. c4 e6 7. Nc3 Be7 8. cxd5 exd5 9. Nd4 {[%emt 0:00:38] A11: English Opening: 1...c6} Bh7 10. e4 dxe4 11. dxe4 O-O 12. Be3 Nbd7 13. f4 Nb6 14. Qe2 Bb4 15. Rad1 Nfd7 $146 ({Predecessor:} 15... Qc8 16. e5 Nfd5 17. Nxd5 Nxd5 {½-½ (55) Mastrovasilis,A (2537)-Karagiannis,A (2194) Thessaloniki 2017}) 16. Nb1 Re8 17. a3 Bf8 18. Nc3 Qc7 19. e5 Nc5 20. b4 Nca4 21. Nxa4 Nxa4 22. Rc1 Rad8 23. Qa2 Qe7 24. Qb3 Nb6 25. Rfe1 Kh8 26. Bf2 Bg8 27. f5 Qc7 28. e6 fxe6 29. fxe6 Be7 30. Nf5 Bf6 31. b5 Bh7 32. Qf3 Bg5 33. Rc5 Na4 34. Rce5 Bf6 35. Nxh6 Bxe5 36. Nf7+ Kg8 37. Rxe5 Rd5 38. Rxd5 cxd5 39. Ng5 Bg6 40. Qxd5 Qe7 41. h4 b6 42. Bf3 ({White should try} 42. Bd4 Rd8 43. Qe5) 42... Rd8 43. Qc4 Nb2 $1 44. Qe2 Nd3 $2 {[%emt 0:00:32] [#]} (44... Nd1 $1 $11 {and Black has nothing to worry.}) 45. Be3 $2 (45. Bh5 $1 $18 Qf6 46. e7) 45... Qxa3 46. h5 Qa1+ $2 (46... Nc1 $1 $11 {and Black is okay.} 47. Qe1 Nd3) 47. Kh2 Be8 48. Be4 ({Nicht} 48. e7 Rd7 $18) 48... Nb4 49. Bh7+ Kh8 50. Bg6 Qf6 51. Bxe8 Rxe8 52. Qc4 $2 (52. Qg4 $18 Qb2+ 53. Kh3) 52... Qb2+ 53. Kh3 Qb1 {[%emt 0:00:21] [#]} 54. h6 $1 Nd3 $2 (54... Qh1+ $16 55. Kg4 Qd1+ 56. Kh4 Nd5) 55. hxg7+ Kxg7 56. Qc7+ Kf6 57. Qf7+ (57. Bd4+ $142 Kf5 58. Qf7+ Kxg5 59. Qf6+ Kh5 60. g4#) 57... Ke5 58. Qxe8 Qh1+ 59. Kg4 Qd1+ 60. Nf3+ Ke4 61. Qg6+ Kxe3 62. Qg5+ Ke4 63. Qf5+ Ke3 64. Kg5 Qa1 65. Nh4 Qg7+ 66. Ng6 Qc7 67. e7 Qxg3+ 68. Kf6 Qd6+ 69. Qe6+ Qxe6+ 70. Kxe6 Nc5+ 71. Kf7 Nb7 72. e8=Q+ 1-0

[Event "EYCC Girls U14 2018"]
[Site "Riga"]
[Date "2018.08.28"]
[Round "8"]
[White "Eizaguerri Floris, Maria"]
[Black "Allahverdiyeva, Ayan"]
[Result "0-1"]
[ECO "D02"]
[WhiteElo "2065"]
[BlackElo "2046"]
[Annotator "NA RC"]
[PlyCount "86"]
[EventDate "2018.08.20"]
[EventType "swiss"]
[EventCountry "LAT"]
[SourceTitle "playchess.com"]
[Source "ChessBase"]
[SourceQuality "1"]
[TimeControl "40/5400+30:1800+30"]

1. d4 d5 2. Nf3 e6 3. e3 c5 4. b3 Nc6 {[%emt 0:00:34] D02: 1 d4 d5 2 Nf3 sidelines, including 2...Nf6 3 g3 and 2...Nf6 3 Bf4} (4... cxd4 5. exd4 Nc6 6. Bd3 Nf6 7. O-O Be7 8. Bb2 O-O 9. a3 {½-½ (9) Saptarshi,R (2476)-Drazic,S (2441) Backi Petrovac 2018}) 5. Bb2 cxd4 6. exd4 g6 7. Be2 $146 ({Predecessor:} 7. Bd3 Nb4 8. Ne5 Nxd3+ 9. Qxd3 a6 10. O-O Nf6 11. Nd2 Bd7 12. Rae1 {1-0 (38) Cabrera Nunez,L (1906)-Rodriguez Naranjo,Y (1735) Santa Clara 2018}) 7... Bg7 8. O-O Nge7 9. Ne5 O-O 10. Nd2 f6 11. Nxc6 Nxc6 12. f4 Qb6 13. Nf3 Bd7 14. Kh1 Qc7 15. Qd2 Bh6 16. Ne1 Ne7 17. Nd3 b6 18. Rae1 Nf5 19. Bg4 Rfe8 20. Bf3 Rac8 21. g4 Nd6 22. g5 Ne4 23. Bxe4 dxe4 24. Nb4 Bf8 25. c4 a5 26. Nc2 f5 27. h4 Bg7 28. Qe3 b5 29. c5 Bc6 30. Kg2 Rcd8 31. Rh1 e5 32. Kg3 exf4+ 33. Qxf4 Qxf4+ 34. Kxf4 e3 35. Rhg1 Re4+ 36. Kg3 f4+ 37. Kh3 e2 38. Rg2 f3 39. Rf2 Rf8 40. Kg3 h5 41. gxh6 Bf6 42. Rh1 Bd8 43. Bc1 Bc7+ 0-1

[Event "EYCC Girls U14 2018"]
[Site "Riga"]
[Date "2018.08.28"]
[Round "8"]
[White "Guillo Longares, Cecilia"]
[Black "Levitan, Ronit"]
[Result "0-1"]
[ECO "D31"]
[WhiteElo "2030"]
[BlackElo "1933"]
[Annotator "NA RC"]
[PlyCount "52"]
[EventDate "2018.08.20"]
[EventType "swiss"]
[EventCountry "LAT"]
[SourceTitle "playchess.com"]
[Source "ChessBase"]
[SourceQuality "1"]
[TimeControl "40/5400+30:1800+30"]

1. d4 d5 2. c4 e6 3. Nc3 Be7 4. cxd5 exd5 5. Bf4 Nf6 6. Qc2 O-O 7. e3 c5 8. dxc5 Nc6 9. Rd1 Qa5 10. Qd2 $15 (10. Nf3 $11) 10... Bxc5 11. Nxd5 Qxd2+ 12. Rxd2 Nxd5 13. Rxd5 Bb4+ 14. Ke2 Be6 15. Rd1 Bxa2 16. Kf3 Rfd8 17. Ra1 Be6 18. e4 Nd4+ 19. Kg3 Nb3 20. Rb1 Rac8 21. Nf3 h6 22. Be2 Nc5 23. Be3 Nxe4+ 24. Kf4 Nf6 25. Nd4 Bd6+ 26. Kf3 Bg4# 0-1

[Event "EYCC Girls U14 2018"]
[Site "Riga"]
[Date "2018.08.28"]
[Round "8"]
[White "Mironenko, Galina"]
[Black "Krasteva, Beloslava"]
[Result "0-1"]
[ECO "A04"]
[WhiteElo "1998"]
[BlackElo "2086"]
[Annotator "NA RC"]
[PlyCount "120"]
[EventDate "2018.08.20"]
[EventType "swiss"]
[EventCountry "LAT"]
[SourceTitle "playchess.com"]
[Source "ChessBase"]
[SourceQuality "1"]
[TimeControl "40/5400+30:1800+30"]

1. Nf3 c5 2. g3 g6 3. Bg2 Bg7 4. O-O Nc6 5. c4 e6 6. Nc3 Nge7 7. d3 O-O 8. Bg5 h6 9. Bf4 {A37: Englische Eröffnung (Symmetrische Variante)} (9. Bd2 b6 10. a3 Bb7 11. Rb1 a5 12. Nb5 d5 13. Qc1 Kh7 14. Rd1 Qd7 15. e3 Rac8 16. Qc2 e5 17. cxd5 Nxd5 {½-½ (85) Almasi,Z (2682)-Ponkratov,P (2613) Riadh 2017}) 9... d6 10. e4 Nd4 $146 ({Vorgänger:} 10... f5 11. Qd2 Kh7 12. Rfe1 g5 13. Bxg5 hxg5 14. Nxg5+ Kh8 15. Qe2 Ng8 16. Qh5+ Nh6 {0-1 (56) Jug,S (2081)-Cetina,K (2194) Celje 2007}) 11. Qd2 Kh7 12. Ne1 ({Don't blunder} 12. Nxd4 $2 cxd4 13. Ne2 e5 $19) 12... a6 13. Be3 Rb8 14. f4 b5 15. Qf2 Qb6 16. cxb5 Nxb5 17. Rc1 Nd4 18. b3 a5 19. g4 Bd7 20. Qh4 Qd8 21. f5 exf5 22. exf5 gxf5 23. Qh5 (23. Bf4 $17 Be6 24. gxf5 Nexf5 25. Qxd8 Rbxd8 26. Kh1) 23... fxg4 24. Rxf7 Rxf7 25. Qxf7 Qf8 26. Qh5 Qe8 27. Be4+ Bf5 28. Qxg4 Qg6 29. Qxg6+ Nxg6 30. Bxf5 Nxf5 31. Bf2 Nf4 32. Kf1 Rf8 33. Nd1 Nd4 34. Rc4 Be5 35. Ra4 Nc6 36. h4 Kg6 37. Re4 Nd4 38. Re3 Kh5 39. Ng2 Nd5 40. Re4 Rf3 41. Ne1 Rf7 42. Ng2 Kg6 (42... Nb4 $142 43. Nge3 Nxd3) 43. Re1 Nb4 44. Re3 Nxa2 45. Nb2 Nxb3 46. Nc4 Bd4 47. Re2 Nac1 48. Nxd6 Nxe2 $19 49. Nxf7 Kxf7 50. Kxe2 Bxf2 51. Kxf2 a4 52. Ne3 a3 53. Nc2 a2 54. Ke3 a1=Q 55. Nxa1 Nxa1 56. d4 Nc2+ 57. Kd3 Nxd4 58. Kc4 Ne6 59. Kd5 Kg6 60. Kc4 Kh5 0-1

[Event "EYCC Girls U14 2018"]
[Site "Riga"]
[Date "2018.08.28"]
[Round "8"]
[White "Bondareva, Daria"]
[Black "Wikar, Martyna"]
[Result "1/2-1/2"]
[ECO "B23"]
[WhiteElo "1922"]
[BlackElo "1974"]
[Annotator "NA RC"]
[PlyCount "119"]
[EventDate "2018.08.20"]
[EventType "swiss"]
[EventCountry "LAT"]
[SourceTitle "playchess.com"]
[Source "ChessBase"]
[SourceQuality "1"]
[TimeControl "40/5400+30:1800+30"]

1. e4 {[%emt 0:00:18] Bangiev,A} c5 2. Nc3 e6 3. g3 Nc6 4. Bg2 Nge7 5. d3 d5 6. exd5 {[%emt 0:02:03] B24: Closed Sicilian: 3 g3 sidelines} exd5 7. Nge2 d4 8. Ne4 Nd5 9. Nf4 Nxf4 10. Bxf4 Be7 11. h4 Be6 12. O-O h6 13. Re1 O-O 14. a3 Qd7 {[%emt 0:02:04] [#]} 15. Qe2 $146 ({Predecessor:} 15. Nd2 Rae8 16. Nc4 {½-½ (44) Stripunsky,A (2554)-Gurevich,D (2492) Seattle 2003 CBM 093 [Bangiev,A]}) 15... Rac8 16. f3 Bd5 17. Qf1 f5 18. Bh3 Qd8 19. Nd2 b5 20. b3 Kh7 21. Qf2 a6 22. Nf1 Bd6 23. Bxd6 Qxd6 24. f4 c4 25. Nd2 cxd3 26. cxd3 Qf6 27. b4 a5 28. bxa5 Ra8 29. Rac1 Rxa5 30. Nb1 b4 31. axb4 Ra2 32. Re2 Nxb4 33. Rxa2 Bxa2 34. Qd2 Qd6 35. Na3 Bd5 36. Nc4 Qg6 37. Kf2 Nc6 38. Na5 Re8 39. Nxc6 Bxc6 40. Re1 Rxe1 41. Qxe1 Qf6 42. Qa5 Bd7 43. Qd5 Be6 44. Qd6 Kg6 45. Bg2 Bb3 46. Qxf6+ Kxf6 47. Ke2 g5 48. Kd2 Bf7 49. Bf3 Be8 50. Kc2 Ba4+ 51. Kd2 Bb3 52. Kc1 Ba4 53. Kb2 g4 54. Be2 Ke6 $1 55. Ka3 Bc2 $1 56. Kb4 Kd5 57. h5 Kd6 58. Kc4 Ba4 59. Kxd4 Be8 $11 60. Bd1 {[%emt 0:02:36] Ke5+ Ke4+} 1/2-1/2

[Event "EYCC Girls U14 2018"]
[Site "Riga"]
[Date "2018.08.28"]
[Round "8"]
[White "Katter, Katharina"]
[Black "Kirchei, Viktoriia"]
[Result "1/2-1/2"]
[ECO "B31"]
[WhiteElo "1830"]
[BlackElo "1987"]
[Annotator "NA RC"]
[PlyCount "69"]
[EventDate "2018.08.20"]
[EventType "swiss"]
[EventCountry "LAT"]
[SourceTitle "playchess.com"]
[Source "ChessBase"]
[SourceQuality "1"]
[TimeControl "40/5400+30:1800+30"]

1. e4 c5 2. Nf3 Nc6 3. Bb5 g6 4. Bxc6 bxc6 5. O-O Bg7 6. Re1 Nh6 7. e5 {[%emt 0:03:35] B31: Sicilian: 2...Nc6 3 Bb5 g6} (7. c3 O-O 8. h3 f5 9. e5 Nf7 10. d3 a5 11. Bf4 e6 12. Qd2 h6 13. h4 Re8 14. c4 d6 15. Nc3 Ra7 {1-0 (35) Anand,V (2776)-Dubov,D (2701) Moscow 2018}) 7... O-O 8. c3 $146 ({Predecessor:} 8. Nc3 d6 9. d3 Bg4 10. exd6 exd6 11. h3 Bxf3 12. Qxf3 Nf5 13. Qxc6 Qa5 14. Be3 Rab8 15. Nd5 Rfc8 16. Qd7 Rd8 17. Qc6 Rdc8 18. Qd7 Rd8 19. Qc6 Rdc8 {½-½ (19) Lin,C (2475)-Bai,J (2585) China 2017}) 8... d6 9. h3 Qc7 10. Qe2 Nf5 11. d3 dxe5 12. Nxe5 f6 (12... Qxe5 $11 13. Qxe5 Bxe5 14. Rxe5 Rd8) 13. Nf3 e5 14. Nbd2 Nd6 15. Nb3 Nb7 16. d4 cxd4 17. cxd4 exd4 18. Qc4+ Kh8 19. Nbxd4 Bd7 20. Ne6 Bxe6 21. Rxe6 Rac8 22. Bf4 Qf7 23. Rae1 Nd8 24. R6e4 f5 25. Qxf7 Nxf7 26. R4e2 Bf6 27. Ne5 Nxe5 28. Bxe5 Bxe5 29. Rxe5 Kg7 30. Rc1 Rf6 31. Re7+ Rf7 32. Re6 Rf6 33. Re7+ Rf7 34. Re6 $11 Rf6 35. Re7+ 1/2-1/2

[Event "EYCC Girls U14 2018"]
[Site "Riga"]
[Date "2018.08.28"]
[Round "8"]
[White "Hakobyan, Astghik"]
[Black "Kuhar, Larisa"]
[Result "1-0"]
[ECO "B90"]
[WhiteElo "1820"]
[BlackElo "1877"]
[Annotator "NA RC"]
[PlyCount "83"]
[EventDate "2018.08.20"]
[EventType "swiss"]
[EventCountry "LAT"]
[SourceTitle "playchess.com"]
[Source "ChessBase"]
[SourceQuality "1"]
[TimeControl "40/5400+30:1800+30"]

1. e4 c5 2. Nf3 d6 3. d4 cxd4 4. Nxd4 Nf6 5. Nc3 a6 6. Qf3 e6 7. Bg5 Be7 8. O-O-O Nbd7 9. Bxf6 Bxf6 10. Qg3 Qc7 11. f4 {[%emt 0:03:18] [#]} O-O $1 12. Qf3 b5 13. g4 g6 14. h4 $17 Bb7 15. g5 Bg7 16. h5 b4 17. Nce2 Rac8 18. hxg6 hxg6 19. c3 Nc5 20. Qh3 Rfe8 21. f5 exf5 22. Qh7+ Kf8 23. exf5 f6 24. gxf6 Bxh1 25. Nf4 Re3 26. Nxg6+ Ke8 27. fxg7 Bd5 28. Nc2 bxc3 29. g8=Q+ Bxg8 30. Qxg8+ Kd7 31. Qg7+ Ke8 32. Qf8+ Kd7 33. Qf7+ Kd8 34. Qxc7+ Rxc7 35. Rxd6+ Kc8 36. Nxe3 Ne4 37. Bxa6+ Kb8 38. Rd8+ Ka7 39. Bc4 Nd2 40. Rxd2 cxd2+ 41. Kxd2 Rc6 42. Ne5 1-0